 Dungeon Crawl Stone Soup version 0.27-a0-684-g359e429f13 (webtiles) character file.

Game seed: 10428081795165783344

5 Allula97 the Grave Robber (level 1, -2/13 HPs)
             Began as a Demonspawn Necromancer on Mar 20, 2021.
             Slain by a kobold
             ... wielding a +0 club
              (4 damage)
             ... on level 1 of the Dungeon.
             The game lasted 00:01:17 (500 turns).

Allula97 the Grave Robber (Demonspawn Necromancer)   Turns: 500, Time: 00:01:17

Health: -2/13      AC:  2    Str:  8    XL:     1   Next: 66%
Magic:  2/3        EV: 12    Int: 16    God:
Gold:   34         SH:  0    Dex: 13    Spells: 3/4 levels left

rFire    . . .     SeeInvis .   (no weapon)
rCold    . . .     Faith    .   (no shield)
rNeg     . . .     Spirit   .   a - +0 robe
rPois    .         Reflect  .   (no helmet)
rElec    .         Harm     .   (no cloak)
rCorr    .         Rampage  .   (no gloves)
Will     .....                  (no boots)
Stlth    ++........             (no amulet)
HPRegen  0.04/turn              (no ring)
MPRegen  0.08/turn              (no ring)

@: no status effects
A: no striking features
a: no special abilities


You were on level 1 of the Dungeon.
You visited 1 branch of the dungeon, and saw 1 of its levels.

You collected 34 gold pieces.

Inventory:

Armour
 a - a +0 robe (worn)


   Skills:
 + Level 1.7 Dodging
 + Level 1.7 Stealth
 * Level 0.3 Unarmed Combat
 + Level 2.0 Spellcasting
 + Level 4.6 Necromancy
 * Level 0.1 Transmutations


You had 3 spell levels left.
You knew the following spells:

 Your Spells              Type           Power      Damage    Failure   Level
a - Pain                  Necr           64%        1d7       3%          1

Your spell library contained the following spells:

 Spells                   Type           Power      Damage    Failure   Level
 Animate Skeleton         Necr           32%        N/A       3%          1
 Vampiric Draining        Necr           8%         2d7       10%         3
 Animate Dead             Necr           8%         N/A       30%         4
 Agony                    Necr           16%        N/A       65%         5


Dungeon Overview and Level Annotations

Branches:
Dungeon (1/15)

Altars:


Message History

You hit the giant cockroach but do no damage.
The giant cockroach is moderately wounded.
The giant cockroach bites you but does no damage.
You barely miss the giant cockroach.
The giant cockroach is moderately wounded.
The giant cockroach waves its antennae.
The giant cockroach closely misses you.
You closely miss the giant cockroach.
The giant cockroach is moderately wounded.
The giant cockroach bites you. The giant cockroach misses you.
You hit the giant cockroach but do no damage.
The giant cockroach is moderately wounded.
The giant cockroach bites you but does no damage.
You hit the giant cockroach.
The giant cockroach is heavily wounded.
The giant cockroach closely misses you.
You closely miss the giant cockroach.
The giant cockroach is heavily wounded.
The giant cockroach barely misses you.
You hit the giant cockroach but do no damage.
The giant cockroach is heavily wounded.
The giant cockroach completely misses you.
You barely miss the giant cockroach.
The giant cockroach is heavily wounded.
The giant cockroach barely misses you. The giant cockroach bites you.
You hit the giant cockroach but do no damage.
The giant cockroach is heavily wounded.
The giant cockroach bites you but does no damage.
You hit the giant cockroach but do no damage.
The giant cockroach is heavily wounded.
The giant cockroach barely misses you.
You hit the giant cockroach but do no damage.
The giant cockroach is heavily wounded.
The giant cockroach bites you but does no damage.
You hit the giant cockroach.
You kill the giant cockroach!
You barely miss the kobold. The kobold hits you with a +0 club.
* * * LOW HITPOINT WARNING * * *
You hit the kobold but do no damage. The kobold hits you with a +0 club.
You die...

#..<..## #.#.K..#.##...#.#
..(....###...............##
.⌠...⌠..##.#.#............#
.........###.#.#.######..##
...⌠....⌠.##........#....#
...........###.#.####.#..##
.⌠...⌠...⌠..##............#
.............###K##.#.##.##
.......⌠......##@##.#.##.#
...⌠..........##.## #.##.#
.............###.# #.##.#
###.############.##.#.##.#
.)..................#.##.#
........#.######.####.##.#
#########.#........##.##.#
#.######.#.##.# #########.#
#.#....#


You could see a kobold.

Vanquished Creatures
  A giant cockroach (D:1)
  2 hobgoblins (D:1)
  A bat (D:1)
  A rat (D:1)
5 creatures vanquished.

Notes
Turn   | Place    | Note
-------+----------+-------------------------------------------
     0 | D:1      | Allula97 the Demonspawn Necromancer began the quest for the
                  | Orb.
     0 | D:1      | Reached XP level 1. HP: 13/13 MP: 3/3
   500 | D:1      | Slain by a kobold

Illustrated notes

Levels and vault maps discovered:
D:1:      dpeg_arrival_lava_temple_mockup, layout_basic

Action                   || total
-------------------------++-------
Melee: Unarmed           ||    17
 Cast: Pain              ||     8
Armor: Robe              ||     7
Dodge: Dodged            ||    17

Table legend: (Time is in decaauts)
 A = Elapsed time spent in this place.
 B = Non-inter-level travel time spent in this place.
 C = Inter-level travel time spent in this place.
 D = Time resting spent in this place.
 E = Time spent auto-exploring this place.
 F = Levels seen in this place.
 G = Mean time per level.
                   A        B        C        D        E       F      G
               +--------+--------+--------+--------+--------+-----+--------+
         Total |    500 |    500 |      0 |    277 |    123 |   1 |  500.0 |
       Dungeon |    500 |    500 |      0 |    277 |    123 |   1 |  500.0 |
               +--------+--------+--------+--------+--------+-----+--------+

Top non-repeatable levels by time:
     D:1: 500 daAuts
